 Dungeon Crawl Stone Soup version 0.29.1-12-g30fa7ad0bf (webtiles) character file.

Game seed: 14485482340383049350

260 hawla the Firebug (level 6, -10/45 HPs)
             Began as a Meteoran Fire Elementalist on Dec 29, 2022.
             Killed by divine providence
             ... invoked by an orc priest
              (11 damage)
             ... on level 4 of the Dungeon on Dec 30, 2022.
             The game lasted 00:05:30 (350 turns).

hawla the Firebug (Meteoran Fire Elementalist)       Turns: 350, Time: 00:05:30

Health: -10/45     AC:  2    Str:  9    XL:     6   Next: 69%
Magic:  13/13      EV: 13    Int: 18    God:
Gold:   64         SH:  0    Dex: 16    Spells: 6/13 levels left

rFire   . . .      SeeInvis .   (no weapon)
rCold   . . .      Faith    .   (no shield)
rNeg    . . .      Spirit   .   a - +0 robe
rPois   .          Reflect  .   (no helmet)
rElec   .          Harm     .   (no cloak)
rCorr   .          Rampage  .   (no gloves)
Will    .....                   (no boots)
Stlth   +.........              (no amulet)
HPRegen 0.15/turn               (no ring)
MPRegen 0.13/turn               (no ring)

@: mighty, glowing
A: sense surroundings 1, otherworldly, glowing, explore regen
a: no special abilities


You were on level 4 of the Dungeon.
You visited 1 branch of the dungeon, and saw 4 of its levels.

You collected 64 gold pieces.

Inventory:

Armour
 a - a +0 robe (worn)
Scrolls
 c - a scroll of identify


   Skills:
 + Level 2.8 Dodging
 - Level 1.4 Stealth
 + Level 4.2 Spellcasting
 + Level 4.9 Conjurations
 + Level 5.2 Fire Magic


You had 6 spell levels left.
You knew the following spells:

 Your Spells              Type           Power      Damage    Failure   Level
a - Foxfire               Conj/Fire      88%        2x1d8     1%          1
b - Scorch                Fire           44%        2d7       2%          2
c - Flame Wave            Conj/Fire      22%        2d8       19%         4

Your spell library contained the following spells:

 Spells                   Type           Power      Damage    Failure   Level
 Conjure Flame            Conj/Fire      22%        6-21      5%          3
 Inner Flame              Hex/Fire       13%        N/A       14%         3


Dungeon Overview and Level Annotations

Branches:
Dungeon (4/15) Zot: 2049
 Temple: D:4-7

Altars:


Innate Abilities, Weirdness & Mutations

You passively map a small area around you.
You are easily found by Zot.
You glow in the dark.
You regain HP and MP as you explore.


Message History

You are confused.
The foxfire hits the orc wizard.
The orc wizard is moderately wounded.
The orc priest invokes the aid of Beogh against you.
Pain shoots through your body!
You're too confused to move!
The orc priest mumbles some strange prayers to Beogh against you.
Beogh smites you!
The orc wizard gestures wildly while chanting.
The orc wizard flickers and vanishes!
Deactivating autopickup; reactivate with Ctrl-A.
You're too confused to cast spells.
Unknown command.
You're too confused to cast spells.
It was a potion of might.
You feel very mighty all of a sudden. The orc hits you with a +0 club.
You miss the orc.
The orc is severely wounded.
The orc closely misses you. Something hits you.
You completely miss something. The orc closely misses you.
The orc priest hits you with a +0 hand axe.
* * * LOW HITPOINT WARNING * * *
Something hits you.
* * * LOW HITPOINT WARNING * * *
You are too confused!
You bump into the rock wall.
You feel less confused. The orc hits you with a +0 club.
* * * LOW HITPOINT WARNING * * *
The orc priest miscasts a cantrip.
Something hits you.
* * * LOW HITPOINT WARNING * * *
Unknown command.
Unknown command.
The orc hits you with a +0 club.
* * * LOW HITPOINT WARNING * * *
The orc priest calls down the wrath of Beogh upon you.
Beogh smites you!
You die...

, ,, , ,, * *### * * ,, #..
, .. #.# ,* ... * #.# , ,
##.##* #.# * #...# ###.#####
* ** *, #...# #..>..@.#
#...#######.#.###o#########
,
#...#.......#......o......#
#...#.#####.##.##.#.......#
.........##.......#.......#
.........##.##.##.........#
.........##.##.##.#.......#
#...#.##.##.##.##.#.......#
#...#.......##........>...#*


You could see an orc priest and an orc.

Vanquished Creatures
  A scorpion (D:4)
  A hound (D:4)
  An orc priest (D:4)
  2 jellies (D:4)
  2 iguanas (D:4)
  An adder (D:2)
  6 orcs
  A bat (D:1)
  2 goblins
  2 hobgoblins
  A jackal (D:1)
  2 quokkas
  3 ball pythons
  2 frilled lizards (D:1)
  A kobold (D:1)
  2 rats
30 creatures vanquished.

Vanquished Creatures (others)
  74 foxfires
74 creatures vanquished.

Grand Total: 104 creatures vanquished

Notes
Turn   | Place    | Note
-------+----------+-------------------------------------------
     0 | D:1      | hawla the Meteoran Fire Elementalist began the quest for
                  | the Orb.
     0 | D:1      | Reached XP level 1. HP: 14/14 MP: 5/5
    51 | D:1      | Reached skill level 4 in Fire Magic
    51 | D:1      | Reached XP level 2. HP: 14/20 MP: 3/6
   102 | D:2      | Reached XP level 3. HP: 22/26 MP: 2/8
   105 | D:2      | Learned a level 2 spell: Scorch
   205 | D:4      | Reached XP level 4. HP: 3/33 MP: 10/10
   213 | D:4      | Learned a level 4 spell: Flame Wave
   249 | D:4      | Reached XP level 5. HP: 22/38 MP: 6/11
   297 | D:4      | Reached XP level 6. HP: 36/45 MP: 6/12
   315 | D:4      | Reached skill level 5 in Fire Magic
   348 | D:4      | HP: 1/45 [orc/+0 club (3)]
   350 | D:4      | Killed from afar by an orc priest

Illustrated notes

Levels and vault maps discovered:
D:1:      dpeg_arrival_rhombus, layout_basic, hellmonk_ecumenical_altar_run_dry
D:2:      layout_rooms
D:3:      layout_basic, chequers_jeans
D:4:      layout_loops_cross, chequers_temple_overflow_statue_of_worship

Skill      XL: |  1  2  3  4  5  6 |
---------------+-------------------+-----
Fire Magic     | 4 5 |  5.2
Spellcasting   | 3 4 |  4.2
Conjurations   | 2 4 |  4.9
Dodging        | |  2.8
Stealth        | |  1.4

Action                   |  1- 3 |  4- 6 || total
-------------------------+-------+-------++-------
Melee: Unarmed           |     3 |     2 ||     5
 Cast: Foxfire           |    30 |    12 ||    42
       Scorch            |     4 |    11 ||    15
  Use: Potion            |     1 |     1 ||     2
       Scroll            |     1 |       ||     1
Armor: Robe              |     2 |     1 ||     3
Dodge: Dodged            |    11 |     4 ||    15
